 Dungeon Crawl Stone Soup version 0.30-a0-174-gbc10bd73c2 (webtiles) character file.

Game seed: 13846321223014274373

20935 qw the Cleaver (level 12, -5/76 HPs)
             Began as a Gargoyle Fighter on Oct 1, 2022.
             Was an Elder of Okawaru.
             Killed from afar by a rime drake (14 damage)
             ... with a flash freeze
             ... on level 4 of the Lair of Beasts.
             The game lasted 00:04:59 (11655 turns).

qw the Cleaver (Gargoyle Fighter)                  Turns: 11655, Time: 00:05:00

Health: -5/76      AC: 29    Str: 23    XL:     12   Next: 84%
Magic:  19/19      EV: 16    Int: 11    God:    Okawaru [****..]
Gold:   971        SH: 12    Dex:  9    Spells: 11/11 levels left

rFire   . . .      SeeInvis .    Y - +4 war axe (venom)
rCold   . . .      Faith    .    s - +0 kite shield
rNeg    + . .      Spirit   .    q - +1 plate armour
rPois   inf        Reflect  .    m - +2 helmet
rElec   +          Harm     .    (no cloak)
rCorr   .          Rampage  .    (no gloves)
Will    .....                    (no boots)
Stlth   ..........               (no amulet)
HPRegen 0.32/turn                l - +4 ring of evasion
MPRegen 0.16/turn                f - +4 ring of evasion

@: about to teleport, heroic
A: sickness immunity, AC +8, negative energy resistance 1, electricity
resistance, torment resistance 1, petrification resistance
a: Renounce Religion, Heroism, Finesse


You were on level 4 of the Lair of Beasts.
You worshipped Okawaru.
Okawaru was greatly pleased with you.
You visited 3 branches of the dungeon, and saw 13 of its levels.
You also visited: Ossuary.

You collected 971 gold pieces.


Innate Abilities, Weirdness & Mutations

You are immune to sickness and miasma.
Your stone body is resilient. (AC +8)
You are immune to poison.
You resist negative energy. (rN+)
You are resistant to electric shocks. (rElec)
You are resistant to unholy torment.
You are immune to petrification.


   Skills:
 - Level 9.0(14.0) Fighting
 - Level 12.0(17.0) Axes
 - Level 3.0(8.0) Throwing
 - Level 8.0(13.0) Armour
 - Level 2.3(7.3) Dodging
 + Level 10.1(15.1) Shields
 - Level 10.0 Invocations


You had 11 spell levels left.
You didn't know any spells.
Your spell library was empty.

Inventory:

Hand Weapons
 a - a +0 morningstar
 Y - a +4 war axe of venom (weapon)
Armour
 m - a +2 helmet (worn)
 q - a +1 plate armour (worn)
 s - a +0 kite shield (worn)
Jewellery
 f - a +4 ring of evasion (right hand)
 l - a +4 ring of evasion (left hand)
 r - a ring of resist corrosion
Scrolls
 j - 5 scrolls of identify
 p - 3 scrolls of teleportation
Potions
 b - a potion of resistance
 d - 3 potions of might
 e - 2 potions of cancellation
 g - 5 potions of attraction
 i - a potion of magic
 n - a potion of mutation
 t - a potion of curing
 v - a potion of haste

Dungeon Overview and Level Annotations

Branches:
Dungeon (8/15)             Temple (1/1) D:5            Lair (4/5) D:8
  Swamp (0/4) Lair:2        Snake (0/4) Lair:2      Ossuary (visited)
  Slime: Lair:4-5

Altars:
Ashenzari
Cheibriados
Elyvilon
Gozag
Hepliaklqana
Kikubaaqudgha
Nemelex Xobeh
Okawaru
Ru
Sif Muna
Trog
Uskayaw
Wu Jian
Xom
Yredelemnul
Zin
The Shining One

Shops:
D:3 =   D:5 [

Annotations:
D:5 1 runed translucent door, qw's ghost, novice GrFi
D:8 1 runed translucent door
Lair:4 Sonja


Message History

The seven-headed hydra bites you but does no damage.
The seven-headed hydra bites you. The ice encasing you melts away.
The polar bear bites you but does no damage.
You block the polar bear's attack. The polar bear misses you.
The komodo dragon misses you.
11647 ||| Stepping ~*~*~tactically~*~*~ (outnumbered).
Your surroundings suddenly seem different.
A bullfrog comes into view.
Found a scale mail.
Found a stone staircase leading down.
The bullfrog gives a loud, deep croak!
Okawaru accepts your kill.
You feel a bit more experienced. You block the bullfrog's attack.
The bullfrog hits you but does no damage.
11648 ||| READING 5 scrolls of teleportation.
As you read the scroll of teleportation, it crumbles to dust.
You feel strangely unstable.
The bullfrog hits you but does no damage.
11649 ||| SWAPPING to +4 war axe of venom.
Your +4 war axe of venom begins to drip with poison!
Y - a +4 war axe of venom (weapon)
The bullfrog misses you.
You slash the bullfrog!
The bullfrog is poisoned.
The bullfrog is moderately wounded.
The bullfrog barely misses you.
You slice the bullfrog!!
You kill the bullfrog!
Okawaru accepts your kill.
You start resting.
Your surroundings suddenly seem different.
Found 9 gold pieces and a wand of iceblast (5).
Enter note:
11654 ||| READING 4 scrolls of teleportation.
As you read the scroll of teleportation, it crumbles to dust.
You feel strangely unstable.
The rime drake hisses angrily.
An oklob plant comes into view.
The rime drake breathes ice at you. The flash freeze hits you!
You die...

..#............
................
.../............
.........#......
.............$P.
.............~~~
............P.~~
...........7P~~
.#....@...P~~~~
#..........~.~
............P~~.
.#...............P...7..
.....#k..#.............
........###..P....P...
....P...##...........
..~.................
.~~~....P....P.....


You could see an oklob plant and a rime drake (catching breath).

Vanquished Creatures
  2 hydras (Lair:3)
  A boulder beetle (D:8)
  A bog body (Lair:2)
  2 cane toads
  3 black mambas (Lair:2)
  A torpor snail (Lair:2)
  2 rime drakes (Lair:3)
  7 komodo dragons
  A queen bee (Lair:2)
  A polar bear (Lair:3)
  5 blink frogs (Lair:2)
  2 wyverns
  23 yaks
  3 steam dragons
  An acid dragon (D:8)
  A naga (Lair:2)
  15 water moccasins
  2 orc warriors
  4 black bears
  2 hornet zombies (D:7)
  A sky beast (D:8)
  2 ice beasts (D:6)
  2 centaurs
  23 wolves
  2 phantoms
  3 elf zombies (Ossuary)
  16 bullfrogs
  A gnoll sergeant (D:5)
  7 wights
  A scorpion (D:6)
  A wyvern zombie (D:7)
  29 killer bees
  2 howler monkeys (D:5)
  A bullfrog zombie (D:7)
  2 human zombies (Ossuary)
  A jelly (D:3)
  3 orc priests
  4 hounds
  7 orc wizards
  5 iguanas
  5 hell rats (Lair:1)
  A killer bee zombie (D:7)
  5 mummies
  2 howler monkey zombies (D:7)
  4 gnolls (D:5)
  8 adders
  3 white imps
  3 worms (D:2)
  A dart slug (D:3)
  28 orcs
  11 ball pythons
  4 bats
  3 endoplasms (D:2)
  2 giant cockroaches (D:2)
  A gnoll zombie (Ossuary)
  5 hobgoblins
  7 jackals (D:4)
  9 kobolds
  5 quokkas
  A frilled lizard (D:3)
  12 goblins
  A goblin zombie (Ossuary)
  A hobgoblin zombie (Ossuary)
  A jackal skeleton (D:8)
  A jackal zombie (Ossuary)
  A kobold zombie (Ossuary)
  3 orc zombies
  5 rats
  A rat zombie (Ossuary)
  3 bushes (Lair:2)
329 creatures vanquished.

Vanquished Creatures (others)
  A bush (Lair:2)
  21 fungi
  24 plants
46 creatures vanquished.

Grand Total: 375 creatures vanquished

Notes
Turn   | Place    | Note
-------+----------+-------------------------------------------
     0 | D:1      | qw the Gargoyle Fighter began the quest for the Orb.
     0 | D:1      | Reached XP level 1. HP: 14/14 MP: 1/1
     0 | D:1      | 0 ||| qw: Version: 0.2-a-13-gfc7b4b4
     0 | D:1      | 0 ||| qw: Game counter: 1842
     0 | D:1      | 0 ||| qw: Always use a shield: true
     0 | D:1      | 0 ||| qw: God list: Okawaru
     0 | D:1      | 0 ||| qw: Allow faded altars: false
     0 | D:1      | 0 ||| qw: Do Orc after D:15 true
     0 | D:1      | 0 ||| qw: Do second Lair branch before Depths: true
     0 | D:1      | 0 ||| qw: Lair rune preference: random
     0 | D:1      | 0 ||| qw: Plans: Normal, Zot:1-4, God:TSO, Crypt, Tomb,
                  | Pan, Slime:5, Hells, Abyss, Orb
     0 | D:1      | 0 ||| PLANNING D:1-11
    30 | D:1      | 30 ||| Stepping ~*~*~tactically~*~*~ (stealth).
    34 | D:1      | Reached skill level 2 in Axes
    45 | D:1      | 45 ||| Stepping ~*~*~tactically~*~*~ (stealth).
    91 | D:1      | Reached XP level 2. HP: 17/19 MP: 2/2
   168 | D:1      | 168 ||| Stepping ~*~*~tactically~*~*~ (stealth).
   170 | D:1      | 170 ||| Stepping ~*~*~tactically~*~*~ (stealth).
   190 | D:1      | Found a faded altar of an unknown god.
   206 | D:1      | 206 ||| Stepping ~*~*~tactically~*~*~ (stealth).
   321 | D:1      | Reached skill level 3 in Axes
   376 | D:1      | Reached XP level 3. HP: 19/23 MP: 3/3
   608 | D:1      | 608 ||| UPGRADING to +4 ring of evasion.
   609 | D:1      | 609 ||| READING scroll labelled BACZAWN YHEU.
   610 | D:1      | 610 ||| READING scroll labelled LYASIROETZ.
   611 | D:1      | 611 ||| READING scroll labelled EVUGUR AXEULI.
   612 | D:1      | 612 ||| READING scroll labelled MEP ENTEARUO.
   643 | D:2      | Found a sacrificial altar of Ru.
   933 | D:2      | 933 ||| FLEEEEING.
   934 | D:2      | 934 ||| FLEEEEING.
   935 | D:2      | 935 ||| FLEEEEING.
   936 | D:2      | 936 ||| FLEEEEING.
   937 | D:2      | 937 ||| STAIRDANCE
   962 | D:1      | 962 ||| DROPPING ring of magical power.
   963 | D:1      | 963 ||| READING scroll labelled DIESYD UWKEU.
   967 | D:1      | 967 ||| DRINKING 2 yellow potions.
  1303 | D:2      | Reached XP level 4. HP: 28/28 MP: 4/4
  1653 | D:2      | 1653 ||| UPGRADING to +2 buckler.
  1663 | D:2      | 1663 ||| DROPPING +0 buckler.
  1664 | D:2      | 1664 ||| READING scroll labelled OFROJALU CANTU.
  1765 | D:2      | 1765 ||| DRINKING 2 puce potions.
  1766 | D:2      | 1766 ||| READING 2 scrolls of identify.
  1766 | D:2      | 1766 ||| IDENTIFYING bubbling blue potion
  1767 | D:2      | 1767 ||| DROPPING potion of flight.
  1843 | D:3      | 1843 ||| Stepping ~*~*~tactically~*~*~ (stealth).
  1902 | D:3      | Reached skill level 4 in Axes
  1909 | D:3      | Found a broken altar of Ashenzari.
  1912 | D:3      | 1912 ||| Stepping ~*~*~tactically~*~*~ (stealth).
  1934 | D:3      | 1934 ||| Stepping ~*~*~tactically~*~*~ (stealth).
  2043 | D:3      | 2043 ||| FLEEEEING.
  2044 | D:3      | 2044 ||| FLEEEEING.
  2045 | D:3      | 2045 ||| FLEEEEING.
  2046 | D:3      | 2046 ||| FLEEEEING.
  2061 | D:3      | 2061 ||| SWAPPING to +0 war axe of freezing.
  2062 | D:3      | 2062 ||| DROPPING +0 mace.
  2063 | D:3      | 2063 ||| DROPPING +1 war axe.
  2076 | D:3      | 2076 ||| Stepping ~*~*~tactically~*~*~ (stealth).
  2077 | D:3      | 2077 ||| Stepping ~*~*~tactically~*~*~ (stealth).
  2103 | D:3      | 2103 ||| Stepping ~*~*~tactically~*~*~ (stealth).
  2109 | D:3      | Reached XP level 5. HP: 32/32 MP: 5/5
  2197 | D:3      | Found Hummocuux's Jewellery Boutique.
  2206 | D:3      | 2206 ||| SHOPLISTING amulet of reflection (360 gold, have
                  | 134).
  2206 | D:3      | 2206 ||| SHOPLISTING ring of fire (300 gold, have 134).
  2206 | D:3      | 2206 ||| SHOPLISTING ring of protection from fire (300
                  | gold, have 134).
  2222 | D:3      | 2222 ||| UPGRADING to +4 ring of evasion.
  2223 | D:3      | 2223 ||| READING scroll labelled LOUGIO DITONUO.
  2244 | D:3      | 2244 ||| READING scroll labelled DISSOX RESTRU.
  2245 | D:3      | 2245 ||| READING scroll labelled HALYMO JEQUU.
  2246 | D:3      | 2246 ||| DRINKING 2 sedimented green potions.
  2262 | D:4      | 2262 ||| STAIRDANCE
  2369 | D:4      | 2369 ||| Stepping ~*~*~tactically~*~*~ (stealth).
  2396 | D:4      | Noticed a black bear
  2407 | D:4      | Reached skill level 5 in Axes
  2408 | D:4      | Killed a black bear
  2409 | D:4      | Reached XP level 6. HP: 27/39 MP: 6/6
  2412 | D:4      | 2412 ||| Stepping ~*~*~tactically~*~*~ (stealth).
  2423 | D:4      | 2423 ||| Stepping ~*~*~tactically~*~*~ (stealth).
  2437 | D:4      | 2437 ||| FLEEEEING.
  2438 | D:4      | 2438 ||| FLEEEEING.
  2443 | D:4      | 2443 ||| Stepping ~*~*~tactically~*~*~ (stealth).
  2454 | D:4      | 2454 ||| Stepping ~*~*~tactically~*~*~ (hiding).
  2455 | D:4      | 2455 ||| Stepping ~*~*~tactically~*~*~ (hiding).
  2467 | D:4      | Reached skill level 1 in Dodging
  2888 | D:4      | 2888 ||| UPGRADING to +2 helmet.
  2893 | D:4      | 2893 ||| READING scroll labelled CAIR YCRANOAF.
  2912 | D:5      | Entered Level 5 of the Dungeon
  2947 | D:5      | Reached XP level 7. HP: 44/44 MP: 7/7
  3061 | D:5      | Reached skill level 6 in Axes
  3195 | D:5      | Found a sacrificial altar of Ru.
  3254 | D:5      | Found a staircase to the Ecumenical Temple.
  3255 | D:5      | 3255 ||| PLANNING TEMPLE
  3255 | D:5      | 3255 ||| UPGRADING to +0 chain mail.
  3265 | D:5      | 3265 ||| DROPPING +0 scale mail.
  3266 | D:5      | 3266 ||| UPGRADING to +0 plate armour.
  3276 | D:5      | 3276 ||| DROPPING +0 chain mail.
  3285 | Temple   | Entered the Ecumenical Temple
  3373 | Temple   | 3373 ||| PLANNING OKAWARU WORSHIP
  3415 | Temple   | Became a worshipper of Warmaster Okawaru
  3416 | Temple   | 3416 ||| PLANNING D:1-11
  3486 | D:5      | Found a snail-covered altar of Cheibriados.
  3586 | D:5      | Found a runed translucent door.
  3587 | D:5      | Noticed qw's ghost (novice GrFi)
  3742 | D:5      | Found Utips's Armour Emporium.
  3763 | D:5      | Found a bloodstained altar of Trog.
  3763 | D:5      | Found an ancient bone altar of Kikubaaqudgha.
  3968 | D:5      | 3968 ||| UPGRADING to +0 kite shield.
  3978 | D:5      | 3978 ||| DROPPING +2 buckler.
  3979 | D:5      | 3979 ||| READING scroll labelled VATALI SAPU.
  3980 | D:5      | 3980 ||| READING scroll labelled GUIFFO UVYGH.
  3981 | D:5      | 3981 ||| READING 2 scrolls of identify.
  3981 | D:5      | 3981 ||| IDENTIFYING smoky orange potion
  3982 | D:5      | 3982 ||| DROPPING potion of invisibility.
  4029 | D:6      | 4029 ||| STAIRDANCE
  4032 | D:5      | 4032 ||| DRINKING 2 potions of curing.
  4032 | D:5      | 4032 ||| (to cure confusion)
  4033 | D:5      | 4033 ||| DRINKING potion of curing.
  4033 | D:5      | 4033 ||| (to cure confusion)
  4061 | D:5      | 4061 ||| DROPPING +0 flail.
  4151 | D:6      | 4151 ||| STAIRDANCE
  4156 | D:5      | Reached XP level 8. HP: 38/48 MP: 8/8
  4282 | D:6      | 4282 ||| Stepping ~*~*~tactically~*~*~ (hiding).
  4283 | D:6      | 4283 ||| FLEEEEING.
  4284 | D:6      | 4284 ||| FLEEEEING.
  4285 | D:6      | 4285 ||| FLEEEEING.
  4286 | D:6      | 4286 ||| FLEEEEING.
  4287 | D:6      | 4287 ||| FLEEEEING.
  4288 | D:6      | 4288 ||| FLEEEEING.
  4289 | D:6      | 4289 ||| FLEEEEING.
  4290 | D:6      | 4290 ||| STAIRDANCE
  4432 | D:6      | 4432 ||| STAIRDANCE
  4546 | D:6      | 4546 ||| STAIRDANCE
  4765 | D:6      | 4765 ||| STAIRDANCE
  4771 | D:5      | Reached * piety under Okawaru
  4888 | D:6      | Reached skill level 1 in Invocations
  5022 | D:6      | Noticed a wyvern
  5022 | D:6      | Noticed a yak
  5057 | D:6      | 5057 ||| Stepping ~*~*~tactically~*~*~ (stealth).
  5061 | D:6      | 5061 ||| Stepping ~*~*~tactically~*~*~ (stealth).
  5100 | D:6      | Found a glowing silver altar of Zin.
  5139 | D:6      | 5139 ||| Stepping ~*~*~tactically~*~*~ (hiding).
  5183 | D:6      | Reached skill level 6 in Shields
  5186 | D:6      | 5186 ||| Stepping ~*~*~tactically~*~*~ (stealth).
  5188 | D:6      | 5188 ||| INVOKING Heroism.
  5194 | D:6      | Reached skill level 7 in Axes
  5199 | D:6      | Reached skill level 3 in Invocations
  5547 | D:6      | 5547 ||| DROPPING scarf of invisibility.
  5548 | D:6      | 5548 ||| READING 3 scrolls of identify.
  5548 | D:6      | 5548 ||| IDENTIFYING murky amethyst potion
  5595 | D:7      | 5595 ||| PLANNING OSSUARY
  5598 | D:7      | 5598 ||| STAIRDANCE
  5615 | D:7      | Reached XP level 9. HP: 54/54 MP: 10/12
  5650 | D:7      | 5650 ||| INVOKING Heroism.
  5734 | D:7      | Found a sand-covered staircase.
  5738 | D:7      | 5738 ||| READING 3 scrolls of identify.
  5738 | D:7      | 5738 ||| IDENTIFYING ruby potion
  5739 | D:7      | 5739 ||| DROPPING potion of ambrosia.
  5743 | Ossuary  | Entered an ossuary
  5744 | Ossuary  | 5744 ||| INVOKING Heroism.
  5767 | Ossuary  | Reached skill level 1 in Throwing
  5928 | Ossuary  | 5928 ||| SWAPPING to +1 war axe of freezing.
  5929 | Ossuary  | 5929 ||| DROPPING +0 war axe of freezing.
  5952 | Ossuary  | Reached ** piety under Okawaru
  5970 | Ossuary  | 5970 ||| READING 2 scrolls labelled UJOSUZ VERINN.
  5971 | Ossuary  | 5971 ||| DRINKING 2 coppery potions.
  5972 | Ossuary  | 5972 ||| DRINKING 2 murky sapphire potions.
  5973 | Ossuary  | 5973 ||| DROPPING potion of degeneration.
  5974 | Ossuary  | 5974 ||| DROPPING scroll of vulnerability.
  5987 | D:7      | 5987 ||| PLANNING D:1-11
  6032 | D:7      | 6032 ||| DRINKING 2 potions of curing.
  6032 | D:7      | 6032 ||| (to cure confusion)
  6038 | D:7      | 6038 ||| DRINKING potion of curing.
  6038 | D:7      | 6038 ||| (to cure confusion)
  6042 | D:7      | 6042 ||| Stepping ~*~*~tactically~*~*~ (hiding).
  6044 | D:7      | 6044 ||| Stepping ~*~*~tactically~*~*~ (hiding).
  6046 | D:7      | 6046 ||| INVOKING Heroism.
  6110 | D:7      | Reached skill level 8 in Axes
  6325 | D:7      | Reached skill level 6 in Fighting
  6517 | D:7      | 6517 ||| INVOKING Heroism.
  6818 | D:7      | 6818 ||| Stepping ~*~*~tactically~*~*~ (stealth).
  6822 | D:7      | 6822 ||| INVOKING Heroism.
  6886 | D:7      | Found a shimmering altar of Xom.
  6949 | D:8      | 6949 ||| Stepping ~*~*~tactically~*~*~ (hiding).
  6959 | D:8      | Reached *** piety under Okawaru
  7061 | D:8      | 7061 ||| Stepping ~*~*~tactically~*~*~ (hiding).
  7072 | D:8      | 7072 ||| INVOKING Heroism.
  7083 | D:8      | Reached XP level 10. HP: 18/60 MP: 11/13
  7193 | D:8      | 7193 ||| Stepping ~*~*~tactically~*~*~ (stealth).
  7232 | D:8      | 7232 ||| INVOKING Heroism.
  7237 | D:8      | Reached skill level 9 in Axes
  7256 | D:8      | 7256 ||| INVOKING Heroism.
  7331 | D:8      | Noticed a boulder beetle
  7332 | D:8      | 7332 ||| INVOKING Heroism.
  7349 | D:8      | 7349 ||| INVOKING Heroism.
  7354 | D:8      | Killed a boulder beetle
  7355 | D:8      | Reached skill level 9 in Shields
  7460 | D:8      | Reached **** piety under Okawaru
  7494 | D:8      | Found a runed translucent door.
  7503 | D:8      | 7503 ||| INVOKING Heroism.
  7505 | D:8      | 7505 ||| READING 5 scrolls of teleportation.
  7638 | D:8      | Found a basalt altar of Yredelemnul.
  7733 | D:8      | Found a staircase to the Lair.
  7734 | D:8      | 7734 ||| INVOKING Heroism.
  7942 | D:8      | Identified the +0 ring mail of Dyspraxia {Int+4}
  7949 | D:8      | 7949 ||| PLANNING LAIR
  7949 | D:8      | 7949 ||| READING 6 scrolls of identify.
  7949 | D:8      | 7949 ||| IDENTIFYING fizzy blue potion
  8041 | Lair:1   | Entered Level 1 of the Lair of Beasts
  8043 | Lair:1   | 8043 ||| INVOKING Heroism.
  8053 | Lair:1   | Reached skill level 6 in Armour
  8153 | Lair:1   | Noticed a cane toad
  8154 | Lair:1   | 8154 ||| INVOKING Heroism.
  8163 | Lair:1   | Killed a cane toad
  8167 | Lair:1   | 8167 ||| Stepping ~*~*~tactically~*~*~ (stealth).
  8168 | Lair:1   | 8168 ||| Stepping ~*~*~tactically~*~*~ (stealth).
  8170 | Lair:1   | 8170 ||| Stepping ~*~*~tactically~*~*~ (stealth).
  8171 | Lair:1   | 8171 ||| Stepping ~*~*~tactically~*~*~ (stealth).
  8172 | Lair:1   | 8172 ||| Stepping ~*~*~tactically~*~*~ (stealth).
  8251 | Lair:1   | 8251 ||| INVOKING Heroism.
  8261 | Lair:1   | Reached skill level 6 in Invocations
  8268 | Lair:1   | Reached XP level 11. HP: 66/67 MP: 15/15
  8356 | Lair:1   | Reached skill level 10 in Axes
  8375 | Lair:1   | 8375 ||| SWAPPING to +2 war axe of venom.
  8628 | Lair:1   | 8628 ||| INVOKING Heroism.
  8638 | Lair:1   | Received a gift from Okawaru
  9006 | Lair:1   | 9006 ||| READING scroll labelled NUTTENT OCLYNO.
  9040 | Lair:2   | 9040 ||| READING scroll of enchant weapon.
  9040 | Lair:2   | 9040 ||| ENCHANTING +2 war axe of venom.
  9050 | Lair:2   | 9050 ||| INVOKING Heroism.
  9068 | Lair:2   | 9068 ||| Stepping ~*~*~tactically~*~*~ (stealth).
  9069 | Lair:2   | 9069 ||| Stepping ~*~*~tactically~*~*~ (stealth).
  9070 | Lair:2   | 9070 ||| Stepping ~*~*~tactically~*~*~ (stealth).
  9072 | Lair:2   | 9072 ||| Stepping ~*~*~tactically~*~*~ (stealth).
  9073 | Lair:2   | 9073 ||| Stepping ~*~*~tactically~*~*~ (stealth).
  9081 | Lair:2   | Reached ***** piety under Okawaru
  9084 | Lair:2   | 9084 ||| INVOKING Heroism.
  9161 | Lair:2   | 9161 ||| INVOKING Heroism.
  9215 | Lair:2   | Found a staircase to the Swamp.
  9302 | Lair:2   | Found a staircase to the Snake Pit.
  9303 | Lair:2   | 9303 ||| Stepping ~*~*~tactically~*~*~ (hiding).
  9304 | Lair:2   | 9304 ||| Stepping ~*~*~tactically~*~*~ (hiding).
  9363 | Lair:2   | Noticed a bog body
  9367 | Lair:2   | 9367 ||| INVOKING Heroism.
  9373 | Lair:2   | Killed a bog body
  9373 | Lair:2   | Identified the +9 lajatang "Yklall" {venom, rCorr} (Okawaru
                  | gifted it to you on level 2 of the Lair of Beasts)
  9373 | Lair:2   | Received a gift from Okawaru
  9374 | Lair:2   | Reached skill level 9 in Invocations
  9413 | Lair:2   | 9413 ||| Stepping ~*~*~tactically~*~*~ (stealth).
  9422 | Lair:2   | 9422 ||| Stepping ~*~*~tactically~*~*~ (stealth).
  9448 | Lair:2   | 9448 ||| Stepping ~*~*~tactically~*~*~ (stealth).
  9449 | Lair:2   | 9449 ||| Stepping ~*~*~tactically~*~*~ (stealth).
  9450 | Lair:2   | 9450 ||| INVOKING Heroism.
  9452 | Lair:2   | 9452 ||| Stepping ~*~*~tactically~*~*~ (stealth).
  9469 | Lair:2   | 9469 ||| Stepping ~*~*~tactically~*~*~ (stealth).
  9470 | Lair:2   | 9470 ||| Stepping ~*~*~tactically~*~*~ (stealth).
  9473 | Lair:2   | 9473 ||| Stepping ~*~*~tactically~*~*~ (stealth).
  9492 | Lair:2   | 9492 ||| INVOKING Heroism.
  9648 | Lair:2   | 9648 ||| Stepping ~*~*~tactically~*~*~ (stealth).
  9666 | Lair:2   | Reached skill level 11 in Axes
  9711 | Lair:2   | 9711 ||| INVOKING Heroism.
  9728 | Lair:2   | Reached XP level 12. HP: 73/73 MP: 19/19
  9764 | Lair:2   | 9764 ||| INVOKING Heroism.
  9878 | Lair:2   | 9878 ||| Stepping ~*~*~tactically~*~*~ (stealth).
  9891 | Lair:2   | Reached skill level 3 in Throwing
  9918 | Lair:2   | 9918 ||| INVOKING Heroism.
  9987 | Lair:2   | 9987 ||| Stepping ~*~*~tactically~*~*~ (stealth).
 10027 | Lair:2   | 10027 ||| INVOKING Heroism.
 10042 | Lair:2   | 10042 ||| Stepping ~*~*~tactically~*~*~ (stealth).
 10073 | Lair:2   | 10073 ||| Stepping ~*~*~tactically~*~*~ (stealth).
 10074 | Lair:2   | 10074 ||| Stepping ~*~*~tactically~*~*~ (stealth).
 10120 | Lair:2   | 10120 ||| INVOKING Heroism.
 10158 | Lair:2   | 10158 ||| Stepping ~*~*~tactically~*~*~ (stealth).
 10160 | Lair:2   | 10160 ||| Stepping ~*~*~tactically~*~*~ (stealth).
 10161 | Lair:2   | 10161 ||| INVOKING Heroism.
 10181 | Lair:2   | Received a gift from Okawaru
 10436 | Lair:2   | 10436 ||| READING scroll labelled ZIKAKE KOOTE.
 10437 | Lair:2   | 10437 ||| READING 6 scrolls of identify.
 10437 | Lair:2   | 10437 ||| IDENTIFYING viscous coppery potion
 10438 | Lair:2   | 10438 ||| READING 5 scrolls of identify.
 10438 | Lair:2   | 10438 ||| IDENTIFYING fizzy emerald potion
 10470 | Lair:3   | 10470 ||| READING scroll of enchant armour.
 10470 | Lair:3   | 10470 ||| ENCHANTING +0 plate armour.
 10602 | Lair:3   | 10602 ||| READING scroll of enchant weapon.
 10602 | Lair:3   | 10602 ||| ENCHANTING +3 war axe of venom.
 10603 | Lair:3   | 10603 ||| DROPPING +1 war axe of freezing.
 10631 | Lair:3   | 10631 ||| INVOKING Heroism.
 10636 | Lair:3   | Reached skill level 9 in Fighting
 10660 | Lair:3   | 10660 ||| Stepping ~*~*~tactically~*~*~ (hiding).
 10662 | Lair:3   | 10662 ||| Stepping ~*~*~tactically~*~*~ (hiding).
 10722 | Lair:3   | 10722 ||| INVOKING Heroism.
 10724 | Lair:3   | 10724 ||| Stepping ~*~*~tactically~*~*~ (stealth).
 10823 | Lair:3   | 10823 ||| INVOKING Heroism.
 11052 | Lair:3   | Noticed a six-headed hydra
 11053 | Lair:3   | 11053 ||| INVOKING Heroism.
 11054 | Lair:3   | 11054 ||| SWAPPING to +0 morningstar.
 11055 | Lair:3   | 11055 ||| INVOKING Finesse.
 11063 | Lair:3   | Killed a six-headed hydra
 11064 | Lair:3   | 11064 ||| SWAPPING to +4 war axe of venom.
 11291 | Lair:3   | 11291 ||| DROPPING amulet of magic regeneration.
 11340 | Lair:4   | Noticed a six-headed hydra
 11341 | Lair:4   | 11341 ||| INVOKING Heroism.
 11342 | Lair:4   | 11342 ||| INVOKING Finesse.
 11344 | Lair:4   | 11344 ||| SWAPPING to +0 morningstar.
 11347 | Lair:4   | 11347 ||| Stepping ~*~*~tactically~*~*~ (outnumbered).
 11348 | Lair:4   | 11348 ||| Stepping ~*~*~tactically~*~*~ (outnumbered).
 11349 | Lair:4   | 11349 ||| Stepping ~*~*~tactically~*~*~ (outnumbered).
 11350 | Lair:4   | 11350 ||| Stepping ~*~*~tactically~*~*~ (outnumbered).
 11353 | Lair:4   | 11353 ||| Stepping ~*~*~tactically~*~*~ (outnumbered).
 11354 | Lair:4   | 11354 ||| Stepping ~*~*~tactically~*~*~ (outnumbered).
 11355 | Lair:4   | 11355 ||| STAIRDANCE
 11357 | Lair:3   | 11357 ||| SWAPPING to +4 war axe of venom.
 11361 | Lair:3   | Reached skill level 12 in Axes
 11391 | Lair:4   | Noticed Sonja
 11392 | Lair:4   | 11392 ||| STAIRDANCE
 11394 | Lair:3   | 11394 ||| INVOKING Heroism.
 11395 | Lair:3   | 11395 ||| SWAPPING to +0 morningstar.
 11396 | Lair:3   | 11396 ||| INVOKING Finesse.
 11403 | Lair:3   | Killed a six-headed hydra
 11404 | Lair:3   | 11404 ||| SWAPPING to +4 war axe of venom.
 11409 | Lair:3   | HP: 17/76 [komodo dragon (5)]
 11410 | Lair:3   | 11410 ||| READING 7 scrolls of teleportation.
 11410 | Lair:3   | HP: 1/76 [komodo dragon (16)]
 11411 | Lair:3   | 11411 ||| DRINKING potion of heal wounds.
 11619 | Lair:4   | 11619 ||| INVOKING Heroism.
 11620 | Lair:4   | 11620 ||| STAIRDANCE
 11632 | Lair:4   | Noticed a seven-headed hydra
 11637 | Lair:4   | 11637 ||| SWAPPING to +0 morningstar.
 11639 | Lair:4   | 11639 ||| Stepping ~*~*~tactically~*~*~ (outnumbered).
 11640 | Lair:4   | 11640 ||| Stepping ~*~*~tactically~*~*~ (outnumbered).
 11641 | Lair:4   | 11641 ||| Stepping ~*~*~tactically~*~*~ (outnumbered).
 11643 | Lair:4   | 11643 ||| Stepping ~*~*~tactically~*~*~ (outnumbered).
 11644 | Lair:4   | 11644 ||| Stepping ~*~*~tactically~*~*~ (outnumbered).
 11644 | Lair:4   | HP: 16/76 [rime drake/flash freeze (14)]
 11645 | Lair:4   | 11645 ||| READING 6 scrolls of teleportation.
 11646 | Lair:4   | 11646 ||| Stepping ~*~*~tactically~*~*~ (outnumbered).
 11646 | Lair:4   | HP: 6/76 [seven-headed hydra (2)]
 11647 | Lair:4   | 11647 ||| Stepping ~*~*~tactically~*~*~ (outnumbered).
 11648 | Lair:4   | 11648 ||| READING 5 scrolls of teleportation.
 11649 | Lair:4   | 11649 ||| SWAPPING to +4 war axe of venom.
 11654 | Lair:4   | 11654 ||| READING 4 scrolls of teleportation.
 11655 | Lair:4   | Killed from afar by a rime drake

Levels and vault maps discovered:
D:1:      dpeg_arrival_more_subterranean_lakeside_camping, layout_rooms,
          ebering_ecumenical_altar_sacrificial, st_stairs_5, due_unseen_surprise
D:2:      layout_basic, basic_altar, minmay_hexomino_u4
D:3:      layout_basic, evilmike_ruin_ashenzari, serial_shops, shop_statue
D:4:      layout_cave_pools
D:5:      layout_loops_ring, gammafunk_temple_overflow_pools,
          mainiacjoe_overflow_paths, nicolae_ru_great_annihilating_truth,
          minmay_temple_entry_arrows, ebering_ghost_inner_flame, serial_shops,
          nicolae_stop_n_shop_2, minmay_misc_feat_alley,
          minmay_misc_feat_plants, hex_tiny
D:6:      layout_loops_ring, zin_statuary, lightli_corner_chamber
D:7:      layout_basic, tgw_xom, nicolae_ossuary_entry_giza, serial_undead,
          serial_undead_d, serial_undead_f, serial_undead_f, serial_undead_c
D:8:      wad_pebble_path, layout_basic, dk_yredelemnul_ordeal,
          grunt_lair_entry_orc_guard_hut
Temple:   nicolae_temple_figure_zero
Lair:1:   layout_hall_layers, infiniplex_staircase_pool, grunt_megastairs_4
Lair:2:   layout_hall_layers, skrybe_swamp_entry_bodies,
          guppyfry_snake_entry_island, special_room [special_room_bee],
          minmay_hedge_maze, st_stairs_5, beast_lair_carwin_1
Lair:3:   layout_roguey
Lair:4:   layout_cave_shapes, serial_bayou, serial_bayou_pond_c,
          serial_bayou_pond_d, serial_bayou_shore_a, serial_bayou_pond_b,
          uniq_sonja

Skill      XL: |  1  2  3  4  5  6  7  8  9 10 11 12 |
---------------+-------------------------------------+-----
Axes           | 2 3 4 5 6 7 8 9 11 12 | 12.0
Fighting       | 4 5 6 7 8 9 |  9.0
Dodging        | 1 2 |  2.3
Armour         | 4 5 6 8 |  8.0
Shields        | 6 8 9 10 | 10.1
Invocations    | 4 6 9 10 | 10.0
Throwing       | 1 2 3 |  3.0

Action                   |  1- 3 |  4- 6 |  7- 9 | 10-12 || total
-------------------------+-------+-------+-------+-------++-------
Melee: War axe           |   141 |   108 |   351 |   510 ||  1110
       Morningstar       |       |       |       |    18 ||    18
Throw: Boomerang         |       |    24 |    50 |    43 ||   117
       Javelin           |       |       |       |    20 ||    20
Invok: Heroism           |       |       |     7 |    29 ||    36
       Finesse           |       |       |       |     3 ||     3
  Use: Scroll            |     5 |     6 |     6 |    13 ||    30
       Potion            |     1 |     2 |     6 |     1 ||    10
 Stab: Paralysed         |       |       |     1 |       ||     1
Armor: Scale mail        |    73 |    25 |     8 |       ||   106
       Plate armour      |       |       |   140 |   272 ||   412
Dodge: Dodged            |    56 |    81 |   241 |   360 ||   738
Block: Buckler           |    23 |    26 |    16 |       ||    65
       Kite shield       |       |       |   141 |   365 ||   506

Table legend:
 A = Non-vault XP
 B = Vault XP
 C = Vault XP percentage of total XP
 D = Non-vault monster count
 E = Vault monster count
 F = Vault count percentage of total count
                 A         B        C        D         E       F
            +---------+---------+-------+---------+---------+-------
      Total |   22960 |    6948 |  23.2 |     244 |      82 |  25.2
            +---------+---------+-------+---------+---------+-------
        D:1 |      30 |       5 |  14.3 |      18 |       3 |  14.3
        D:2 |      58 |       3 |   4.9 |      21 |       2 |   8.7
        D:3 |      96 |       0 |   0.0 |      15 |       0 |   0.0
        D:4 |     292 |       0 |   0.0 |      23 |       0 |   0.0
        D:5 |    1014 |      42 |   4.0 |      24 |       4 |  14.3
        D:6 |     739 |       0 |   0.0 |      16 |       0 |   0.0
        D:7 |     954 |     618 |  39.3 |      21 |      12 |  36.4
        D:8 |    2131 |     844 |  28.4 |      18 |       6 |  25.0
     Lair:1 |    3598 |     207 |   5.4 |      26 |       2 |   7.1
     Lair:2 |    7662 |    4256 |  35.7 |      37 |      34 |  47.9
     Lair:3 |    6033 |     426 |   6.6 |      22 |       2 |   8.3
     Lair:4 |     353 |      93 |  20.9 |       3 |       1 |  25.0
    Ossuary |       0 |     454 | 100.0 |       0 |      16 | 100.0
            +---------+---------+-------+---------+---------+-------
